 Dungeon Crawl Stone Soup version 0.16.1-11-g651b585 (webtiles) character file.

99 sugabear the Sneak (level 4, -1/21 HPs)
             Began as a Vine Stalker Enchanter on Mar 30, 2015.
             Slain by an adder (2 damage)
             ... on level 1 of the Dungeon.
             The game lasted 00:05:50 (1605 turns).

sugabear the Sneak (Vine Stalker Enchanter)         Turns: 1605, Time: 00:05:50

Health: -1/21      AC:  3    Str: 10    XL:     4   Next: 72%
Magic:  0/9        EV: 13    Int: 15    God:
Gold:   86         SH:  0    Dex: 16    Spells: 3 memorised, 2 levels left

rFire  . . .     SeeInvis .     a - +1 dagger
rCold  . . .     Clarity  .     b - +1 robe
rNeg   . . .     SustAb   .     (no shield)
rPois  .         Gourm    .     (no helmet)
rElec  .         Spirit   +     (no cloak)
rCorr  .         Warding  .     (no gloves)
rMut   .         Stasis   .     (no boots)
MR     .....                    (no amulet)
Stlth  +++.......               (no ring)
                                (no ring)

@: lethally poisoned (-1 -> -1), very slightly contaminated, not resistant to
hostile enchantments, fairly stealthy
A: fangs 2, regeneration 1, magic shield, antimagic bite, no device heal 3, rot
immunity
a: no special abilities


You were on level 1 of the Dungeon.
You were very hungry.

You visited 1 branch of the dungeon, and saw 3 of its levels.

You collected 86 gold pieces.

Inventory:

Hand weapons
 a - a +1 dagger (weapon)
Armour
 b - a +1 robe (worn)
Scrolls
 f - a scroll of fog {unknown}
 i - a scroll of enchant armour {unknown}
 j - a scroll of noise {unknown}
 k - a scroll of identify {unknown}
 l - a scroll of amnesia {unknown}
 m - a scroll of blinking {unknown}
Books
 c - a book of Maledictions

   Spells                             Type                      Level
   a - Corona                         Hexes                        1
   b - Sure Blade                     Hexes/Charms                 2
   c - Ensorcelled Hibernation        Hexes/Ice                    2
   d - Confuse                        Hexes                        3
   e - Dazzling Spray                 Conjuration/Hexes            3
   f - Enslavement                    Hexes                        4
Comestibles
 d - 2 bread rations
 h - a meat ration


   Skills:
 + Level 0.5 Fighting
 + Level 1.4 Short Blades
 + Level 2.2 Dodging
 * Level 4.7 Stealth
 + Level 2.5 Spellcasting
 + Level 3.4 Hexes
 + Level 0.6 Ice Magic


You had 2 spell levels left.
You knew the following spells:

 Your Spells              Type           Power        Failure   Level  Hunger
a - Corona                Hex            ##.....      6%          1    #......
b - Ensorcelled Hibernat  Hex/Ice        #.....       14%         2    ###....
c - Confuse               Hex            ##......     17%         3    ###....


Dungeon Overview and Level Annotations

Branches:
Dungeon (3/15)

Altars:
Makhleb

Annotations:
D:3 Natasha, Robin


Innate Abilities, Weirdness & Mutations

You have extremely sharp teeth.
Your natural rate of healing is unusually fast.
When hurt, damage is shared between your health and your magic reserves.
Your bite disrupts and absorbs the magic of your enemies.
Potions and wands cannot restore your health.
You are immune to rotting.


Message History

Aiming: Ensorcelled Hibernation
Press: ? - help, Shift-Dir - straight line, f/p - adder
Aim: an adder (chance 48%)
You miscast Ensorcelled Hibernation.
You feel a bit tired.
* * * LOW HITPOINT WARNING * * *
You feel sick. The adder bites you but does no damage.
The goblin hits you with a dagger. The adder barely misses you.
Unknown command.
Drink which item? (? for menu, Esc to quit)
It was a potion of heal wounds.
That seemed strangely inert.
The goblin hits you but does no damage.
The adder bites you but does no damage. 2 jackals come into view.
* * * LOW HITPOINT WARNING * * *
You feel sick.
The jackal barks! x2
The jackal moves out of view.
The adder barely misses you.
A jackal comes into view.
* * * LOW HITPOINT WARNING * * *
You feel sick. The adder closely misses you. The adder bites you.
You die...

#...#...#...##P.....P..##...#..(#
#...#...#...##'#...P.####...#...#
#...#...#...##.#######.##...#...#
#...#...#...#...#...#...#...#...#
#.......#...#...#.>.#...#...#....
##......#...#...#...#...#...#....
####............#...#....h.......
#.#####.........S.hh........####
##.††.######...@g<.....#######.#
#####.......############# #.#
......##..###..†..###.# ####.#
.#######.####.#.#.##..######....#
#####.............[..........###.
......#######.###.#..###########.
.####.# ####..##...### ##.†
.###..# ##.#####...# #..# .##..##
#..# ###.#####.##


You could see an adder, 2 jackals and a goblin (frenzied).

Vanquished Creatures
  A hound (D:2)
  2 adders (D:2)
  A worm (D:2)
  3 giant geckos
  5 bats (D:1)
  2 goblins (D:2)
  3 hobgoblins
  7 jackals (D:1)
  4 kobolds
  A ball python (D:2)
  6 giant newts
  9 rats
  A fungus (D:1)
45 creatures vanquished.

Notes
Turn   | Place    | Note
--------------------------------------------------------------
     0 | D:1      | sugabear, the Vine Stalker Enchanter, began the quest for the Orb.
     0 | D:1      | Reached XP level 1. HP: 9/9 MP: 3/3
   338 | D:1      | Reached skill level 4 in Stealth
   350 | D:1      | Reached XP level 2. HP: 13/13 MP: 5/5
   354 | D:1      | Learned a level 2 spell: Ensorcelled Hibernation
   366 | D:1      | Reached skill level 1 in Short Blades
   574 | D:1      | Reached XP level 3. HP: 16/16 MP: 5/7
   890 | D:2      | Learned a level 3 spell: Confuse
   971 | D:2      | Found a burning altar of Makhleb.
   974 | D:2      | Reached XP level 4. HP: 19/21 MP: 9/9
  1544 | D:3      | Noticed Natasha
  1549 | D:3      | Noticed Robin
  1599 | D:1      | HP: 1/21 [poisoned by an adder]
  1605 | D:1      | HP: 1/21 [poisoned by an adder]
  1605 | D:1      | Slain by an adder

Action                   |  1- 3 |  4- 6 || total
-------------------------+-------+-------++-------
Melee: Dagger            |    93 |    33 ||   126
 Cast: Ensorcelled Hiber |     9 |    14 ||    23
       Confuse           |       |     1 ||     1
  Use: Potion            |       |     1 ||     1
 Stab: Sleeping          |    10 |     8 ||    18
  Eat: Chunk             |       |     3 ||     3
